Cogmind - Beta 11.1 @@@ ROGUE MODE // 2022.07.29 @ 09:55:30 Player: Crimson_Fox Result: Self-destructed Performance ------------- Evolutions (2) 1000 Regions Visited (5) 1000 Robots Destroyed (18) 90 Value Destroyed (277) 277 Prototype IDs (3) 60 Alien Tech Used (0) 0 Bonus (0) 0 TOTAL SCORE: 2427 Bonus ------- None Cogmind --------- Core Integrity 536/550 Matter 270/300 Energy 20/100 System Corruption 0% Temperature Cool (0) Movement Core (200) Ox3 Location -8/Materials Parts ------- > --- POWER (1) -------- (None) > --- PROPULSION (4) --- Improved Cesium-ion Thruster Improved Cesium-ion Thruster Improved Cesium-ion Thruster > --- UTILITY (4) ------ Medium Storage Unit Advanced Visual Processing Unit Signal Interpreter Recalibrator > --- WEAPON (2) ------- Light Assault Rifle > --- INVENTORY (10) --- Improved Deuterium Engine Improved Deuterium Engine Sensor Array Hacking Suite Recalibrator Recalibrator Recalibrator Missile Launcher Datajack Peak State ------------ > --- POWER ------------ Improved Deuterium Engine > --- PROPULSION ------- Improved Cesium-ion Thruster Improved Cesium-ion Thruster Improved Cesium-ion Thruster Improved Cesium-ion Thruster > --- UTILITY ---------- Medium Storage Unit Advanced Visual Processing Unit Signal Interpreter Recalibrator > --- WEAPON ----------- Light Assault Rifle Mining Laser > --- INVENTORY -------- Improved Deuterium Engine Improved Deuterium Engine Sensor Array Hacking Suite Recalibrator Recalibrator Recalibrator Missile Launcher Datajack [Rating: 37] Favorites ----------- Power Improved Ion Engine Engine Improved Ion Engine Propulsion Wheel Wheel Wheel Flight Unit Flight Unit Utility Sensor Array Device Sensor Array Storage Medium Storage Unit Processor Signal Interpreter Weapon Beam Rifle Energy Gun Beam Rifle Ballistic Gun Assault Rifle Special Weapon Mining Laser Build | -11 -10 -10 -10 -9 -8 ------- Run | Scr Mat Min Exi Min Mat Slots Evolved 4 | . . . . . 4 Power . | . . . . . . Propulsion 2 | . . . . . 2 Utility 2 | . . . . . 2 Weapon . | . . . . . . Parts Attached 40 | 7 5 5 2 . 21 Power 5 | 2 . 1 . . 2 Engine 5 | 2 . 1 . . 2 Core . | . . . . . . Reactor . | . . . . . . Propulsion 16 | 2 . 1 . . 13 Treads . | . . . . . . Leg . | . . . . . . Wheel 3 | 2 . 1 . . . Hover . | . . . . . . Flight 13 | . . . . . 13 Utility 8 | 1 2 1 . . 4 Device 2 | . 1 . . . 1 Storage 3 | 1 1 1 . . . Processor 3 | . . . . . 3 Hackware . | . . . . . . Protection . | . . . . . . Artifact . | . . . . . . Weapon 11 | 2 3 2 2 . 2 Energy Gun 5 | 1 2 1 1 . . Energy Cannon . | . . . . . . Ballistic Gun 3 | 1 1 . . . 1 Ballistic Cannon . | . . . . . . Launcher . | . . . . . . Special Weapon 3 | . . 1 1 . 1 Impact Weapon . | . . . . . . Slashing Weapon . | . . . . . . Piercing Weapon . | . . . . . . Special Melee Weapon . | . . . . . . Unidentified Prototypes 1 | . . . . . 1 Parts Lost 1 | . 1 . . . . Power . | . . . . . . Propulsion . | . . . . . . Utility . | . . . . . . Weapon 1 | . 1 . . . . Highest Loss Streak 1 | . 1 . . . . To Critical Strikes . | . . . . . . Average Slot Usage (%) 99 | . 99 100 100 100 98 Engine 13 | . 14 14 14 14 8 Wheel 25 | . 28 28 28 28 . Flight 3 | . . . . . 35 Device 13 | . 13 14 14 14 9 Storage 13 | . 14 14 14 14 9 Processor 1 | . . . . . 17 Energy Gun 22 | . 16 27 26 28 . Ballistic Gun 3 | . 11 . . . 8 Special Weapon 1 | . . . 1 . 8 Naked Turns . | . . . . . . Heaviest Build 24 | 14 22 24 24 24 23 Greatest Support 24 | 20 20 20 20 20 24 Greatest Overweight (x) 1 | . 1 1 1 1 1 Average Overweight (x) . | . . . 1 1 . Largest Inventory Capacity 10 | 8 10 10 10 10 10 Average Capacity 9 | 6 9 10 10 10 10 Most Carried 10 | 8 10 10 10 10 10 Average Carried 9 | 4 8 9 10 10 7 Final Capacity 10 | 8 10 10 10 10 10 Final Carried 10 | 6 10 10 10 10 9 Class Distribution -------------------- 91% | Mutant 5% | Scavenger-Scout 3% | Scout Dominant Class ---------------- Mutant | -10/Materials Mutant | -10/Mines Mutant | -10/Exiles Mutant | -9/Mines Scavenger-Scout | -8/Materials Resources | -11 -10 -10 -10 -9 -8 ----------- Run | Scr Mat Min Exi Min Mat Matter Collected 688 | 196 242 50 20 . 180 Remotely . | . . . . . . Salvage Created 656 | . 436 220 . . . Parts 38 | . 27 11 . . . Haulers Intercepted . | . . . . . . Recyclers Shooed 2 | . 2 . . . . Parts Field Recycled . | . . . . . . Retrieved Matter . | . . . . . . Parts Self-Destructed . | . . . . . . Prevented . | . . . . . . Kills | -11 -10 -10 -10 -9 -8 ------- Run | Scr Mat Min Exi Min Mat Combat Hostiles Destroyed 10 | . 7 3 . . . Guns 10 | . 7 3 . . . Classes Destroyed 5 | . 4 1 . . . Worker 2 | . . 2 . . . Recycler 4 | . 2 2 . . . Watcher 2 | . 2 . . . . Swarmer 6 | . 3 3 . . . Grunt 4 | . 4 . . . . Best Kill Streak 7 | . 7 3 . . . Combat Bots Only 3 | . 3 3 . . . Max Kills in Single Turn 2 | . 1 2 . . . Gunslinging 1 | . . 1 . . . Exploded . | . . . . . . Melee . | . . . . . . Uniques/NPCs Destroyed . | . . . . . . Combat | -11 -10 -10 -10 -9 -8 -------- Run | Scr Mat Min Exi Min Mat Damage Taken 525 | . 352 53 . 77 43 Core 164 | . 124 15 . 11 14 Absorbed by Shields . | . . . . . . Core Remaining (%) 70 | 100 . . . 40 . Volleys Fired 62 | . 37 11 12 . 2 Largest 2 | . 2 2 2 . 1 Hottest 112 | . 60 112 112 . 100 Shots Fired 103 | . 67 21 13 . 2 Gun 89 | . 67 20 2 . . Cannon . | . . . . . . Launcher . | . . . . . . Special 14 | . . 1 11 . 2 Kinetic 47 | . 47 . . . . Thermal 36 | . . 21 13 . 2 Explosive . | . . . . . . Electromagnetic 20 | . 20 . . . . Robot Hit Streak 16 | . 15 16 . . . Robot Miss Streak 3 | . 3 3 . . . Penetration Max . | . . . . . . Secondary Targets 1 | . . 1 . . . Max Gunslinging Chain 1 | . . 1 . . . Shots Hit Robots 61 | . 50 11 . . . Core Hits 28 | . 21 7 . . . Critical Kills . | . . . . . . Critical Parts Destroyed . | . . . . . . Critical Strikes 3 | . . 3 . . . Burn 3 | . . 3 . . . Melee Attacks . | . . . . . . Impact . | . . . . . . Slashing . | . . . . . . Piercing . | . . . . . . Sneak Attacks . | . . . . . . Combat Hostiles . | . . . . . . Follow-up Attacks . | . . . . . . Damage Inflicted 781 | . 619 162 . . . Guns 781 | . 619 162 . . . Cannons . | . . . . . . Explosions . | . . . . . . Melee . | . . . . . . Ramming . | . . . . . . Kinetic 473 | . 473 . . . . Thermal 162 | . . 162 . . . Explosive . | . . . . . . Electromagnetic 146 | . 146 . . . . Impact . | . . . . . . Slashing . | . . . . . . Piercing . | . . . . . . Highest Corruption . | . . . . . . Average Corruption . | . . . . . . Corruption Purged . | . . . . . . Corruption Blocked . | . . . . . . Overload Shots . | . . . . . . Overflow Damage . | . . . . . . Projectiles . | . . . . . . Explosions . | . . . . . . Melee . | . . . . . . Knockbacks . | . . . . . . Impact . | . . . . . . Kinetic . | . . . . . . Secondary . | . . . . . . Self-Inflicted Damage . | . . . . . . Shots . | . . . . . . Rammed . | . . . . . . Targets Rammed . | . . . . . . Kicked . | . . . . . . Crushed . | . . . . . . Highest Temperature 204 | . 36 204 88 . 86 Average Temperature 50 | . 17 64 46 . 55 Received Heat Transfer 234 | . 174 . . 42 18 Siege Activations . | . . . . . . Robots Corrupted . | . . . . . . Combat Hostiles . | . . . . . . Parts Fried . | . . . . . . Impact Corruptions . | . . . . . . Robots Melted . | . . . . . . Combat Hostiles . | . . . . . . Parts Melted 3 | . . 3 . . . Heat Transferred 629 | . . 629 . . . Parts Sabotaged . | . . . . . . Parts Stolen . | . . . . . . Parts Stripped . | . . . . . . Power Chain Reactions . | . . . . . . Missiles Intercepted . | . . . . . . Alert | -11 -10 -10 -10 -9 -8 ------- Run | Scr Mat Min Exi Min Mat Peak Influence 242 | . 242 70 . 113 196 Initial 43 | . . 13 . . 43 Average 57 | . 77 27 . 83 80 Maximum Alert Level 1 | . 1 . . . . Low Security (%) 95 | 100 84 100 . 100 100 Level 1 4 | . 15 . . . . Level 2 . | . . . . . . Level 3 . | . . . . . . Level 4 . | . . . . . . Level 5 . | . . . . . . High Security . | . . . . . . Max Security . | . . . . . . Squads Dispatched 1 | . 1 . . . . Investigation . | . . . . . . Extermination . | . . . . . . Reinforcement 1 | . 1 . . . . Assault . | . . . . . . Garrison . | . . . . . . Intercept . | . . . . . . Searches Triggered . | . . . . . . Construction Impeded . | . . . . . . Haulers Reinforced . | . . . . . . Active Scanning Responses . | . . . . . . Cargo Convoy Interrupts . | . . . . . . Stealth | -11 -10 -10 -10 -9 -8 --------- Run | Scr Mat Min Exi Min Mat Distress Signals 2 | . 2 . . . . Communications Jammed . | . . . . . . Distress Signals . | . . . . . . Times Spotted 27 | . 12 3 . 7 5 Peak Tracking Total 5 | . 4 3 . 3 5 Tactical Retreats 6 | . 1 . . 4 1 Traps | -11 -10 -10 -10 -9 -8 ------- Run | Scr Mat Min Exi Min Mat Traps Triggered 1 | . . . . . 1 Indirectly . | . . . . . . Trap Hack Attempts . | . . . . . . Triggered . | . . . . . . Disarmed . | . . . . . . Reprogrammed . | . . . . . . Reused . | . . . . . . Traps Extracted . | . . . . . . Installed . | . . . . . . Triggered . | . . . . . . Machines | -11 -10 -10 -10 -9 -8 ---------- Run | Scr Mat Min Exi Min Mat Machines Disabled 1 | . 1 . . . . Max in Single Turn 1 | . 1 . . . . Machines Sabotaged . | . . . . . . Garrisons Compromised . | . . . . . . Overloaded Fab Kills . | . . . . . . Hacking | -11 -10 -10 -10 -9 -8 --------- Run | Scr Mat Min Exi Min Mat Machines Accessed 15 | . 7 . 4 1 3 Terminals 9 | . 6 . . 1 2 Fabricators . | . . . . . . Repair Stations . | . . . . . . Recycling Units 1 | . 1 . . . . Scanalyzers 1 | . . . . . 1 Garrison Access . | . . . . . . Total Hacks 40 | . 24 . 4 2 10 Successful 21 | . 12 . 4 1 4 Failed 19 | . 12 . . 1 6 Catastrophic 1 | . . . . . 1 Database Lockouts . | . . . . . . Manual 11 | . 5 . . 2 4 Terminals 27 | . 19 . . 2 6 Fabricators . | . . . . . . Repair Stations . | . . . . . . Recycling Units 5 | . 5 . . . . Scanalyzers 4 | . . . . . 4 Garrison Access . | . . . . . . Terminal Hacks 17 | . 10 . 4 1 2 Record 4 | . . . 4 . . Prototype ID Bank 1 | . 1 . . . . Level Access Points 1 | . . . . . 1 Branch Access Points 3 | . 1 . . 1 1 Alert Level 1 | . 1 . . . . Unreport Threat 1 | . 1 . . . . Locate Traps 2 | . 2 . . . . Hauler Manifests 1 | . 1 . . . . Zone Layout 3 | . 3 . . . . Fabricator Hacks . | . . . . . . Repair Station Hacks . | . . . . . . Recycling Unit Hacks 2 | . 2 . . . . Report Inventory 1 | . 1 . . . . Retrieve Matter 1 | . 1 . . . . Scanalyzer 2 | . . . . . 2 Insert Component 1 | . . . . . 1 Analyze 1 | . . . . . 1 Garrison Access Hacks . | . . . . . . Unauthorized Hacks . | . . . . . . Terminals . | . . . . . . Fabricators . | . . . . . . Repair Stations . | . . . . . . Recycling Units . | . . . . . . Scanalyzers . | . . . . . . Garrison Access . | . . . . . . Data Cores Recovered . | . . . . . . Used . | . . . . . . Hacking Detections 8 | . 5 . . 1 2 Full Trace Events . | . . . . . . Feedback Events . | . . . . . . Feedback Blocked . | . . . . . . Robot Schematics Acquired . | . . . . . . Robots Built . | . . . . . . Authchips . | . . . . . . Time . | . . . . . . Total Robot Build Rating . | . . . . . . Part Schematics Acquired 1 | . . . . . 1 Parts Built . | . . . . . . Authchips . | . . . . . . Time . | . . . . . . Total Part Build Rating . | . . . . . . Parts Repaired . | . . . . . . Time . | . . . . . . Parts Recycled . | . . . . . . Recycled Matter . | . . . . . . Retrieved Matter . | . . . . . . Retrieved Components . | . . . . . . Parts Scanalyzed 1 | . . . . . 1 Part Schematics Acquired 1 | . . . . . 1 Parts Damaged 1 | . . . . . 1 Bothacking | -11 -10 -10 -10 -9 -8 ------------ Run | Scr Mat Min Exi Min Mat Used RIF Installer . | . . . . . . Robots Hacked . | . . . . . . Non-combat . | . . . . . . Combat . | . . . . . . Robot Hacks Applied . | . . . . . . Relay Couplers Released . | . . . . . . Fabnet Peak Effective % . | . . . . . . Robots Rewired . | . . . . . . Allies Hacked . | . . . . . . Hacks Repelled . | . . . . . . Allies | -11 -10 -10 -10 -9 -8 -------- Run | Scr Mat Min Exi Min Mat Total Allies . | . . . . . . Largest Group . | . . . . . . Highest-Rated Group . | . . . . . . Highest-Rated Ally . | . . . . . . Total Orders . | . . . . . . Ally Attacks . | . . . . . . Total Damage . | . . . . . . Kills . | . . . . . . Allies Corrupted . | . . . . . . Allies Melted . | . . . . . . Intel | -11 -10 -10 -10 -9 -8 ------- Run | Scr Mat Min Exi Min Mat Robot Analysis Total . | . . . . . . Derelict Logs Recovered 4 | . . 3 . 1 . Drone Launches . | . . . . . . Drone Recoveries . | . . . . . . Exploration | -11 -10 -10 -10 -9 -8 ------------- Run | Scr Mat Min Exi Min Mat Turns Passed 2807 | 46 539 782 797 378 265 Spaces Moved 2659 | 37 349 730 787 320 436 Core 9 | 9 . . . . . Treads . | . . . . . . Legs . | . . . . . . Wheels 2214 | 28 349 730 787 320 . Hover . | . . . . . . Flight 436 | . . . . . 436 Fastest Speed 26 | 50 80 80 95 95 26 Average Speed 82 | 72 87 94 95 95 30 Slowest Speed 95 | 80 95 95 95 95 94 Overloaded Moves . | . . . . . . Propulsion Burnouts . | . . . . . . Robots Hopped . | . . . . . . Cave-ins Triggered . | . . . . . . Exploration Rate (%) 57 | 3 56 97 95 71 21 Regions Visited 5 Branch Regions 3 Pre-discovered Areas . | . . . . . . Known Exits Taken 1 | . 1 . . . . Unknown Exits Taken 4 | 1 . 1 1 1 . Scrap Searched 1 | . . 1 . . . Spaces Dug 12 | . . . 10 . 2 Terrain Destroyed 12 | . . . 10 . 2 Melee . | . . . . . . Projectile 12 | . . . 10 . 2 AOE . | . . . . . . Terrain Rammed . | . . . . . . Walls Destroyed . | . . . . . . Machines Disabled . | . . . . . . Actions | -11 -10 -10 -10 -9 -8 --------- Run | Scr Mat Min Exi Min Mat Total 3142 | 55 523 806 800 393 565 Wait 285 | . 103 42 . 74 66 Move 2654 | 36 348 729 786 319 436 Hop . | . . . . . . Pick Up 57 | 12 17 8 . . 20 Fast Attach 5 | . 2 2 . . 1 Attach 18 | 6 2 . . . 10 Detach 1 | . . . . . 1 Swap 17 | 1 1 3 2 . 10 Drop 43 | . 13 11 . . 19 Fire 62 | . 37 11 12 . 2 Melee . | . . . . . . Ram . | . . . . . . Kick . | . . . . . . Crush . | . . . . . . Escape Stasis . | . . . . . . Rewire . | . . . . . . Trap . | . . . . . . Miscellaneous . | . . . . . . Route ------- -11/Scrapyard -10/Materials (discovered 2 exits: [*Mat] / *Min) -10/Mines (discovered 3 exits: [*Mat x2] / *Exi) -10/Exiles (discovered 2 exits: *Min x2) -9/Mines -8/Materials (discovered 3 exits: Fac x3) History --------- Turn | Location | Event 2 | -11/Scrapyard | Met Revision 17 8 | -11/Scrapyard | Discovered new exit (range 15) 47 | -11/Scrapyard | Entered Materials 82 | -10/Materials | Identified exit to Mines 318 | -10/Materials | Build established: Mutant 467 | -10/Materials | Discovered new exit (range 15) 586 | -10/Materials | Entered Mines 619 | -10/Mines | Met a Derelict bent on vengeance 664 | -10/Mines | Discovered new exit (range 6) 928 | -10/Mines | Discovered new exit (range 8) 1006 | -10/Mines | Received a Rocket Launcher from a helpful Derelict 1036 | -10/Mines | Learned Materials security intel 1090 | -10/Mines | Discovered new exit (range 3) 1151 | -10/Mines | Deemed a non-threat by the Exiles lab entrance 1199 | -10/Mines | Learned location of 1 exit from Materials 1208 | -10/Mines | Core integrity fell below 50% 1272 | -10/Mines | Joined a pair of Derelicts in attacking an 0b10 outpost 1368 | -10/Mines | Entered Exiles 1368 | -10/Exiles | Found Exiles lab abandoned 1386 | -10/Exiles | Discovered new exit (range 15) 1691 | -10/Exiles | Discovered new exit (range 10) 2165 | -10/Exiles | Entered Mines 2169 | -9/Mines | Learned location of 1 exit from Materials 2522 | -9/Mines | Discovered new exit (range 8) 2543 | -9/Mines | Entered Materials 2543 | -8/Materials | Evolved 4 slots: Propulsion x2, Utility x2 2544 | -8/Materials | Identified exit to Factory 2808 | -8/Materials | Self-destructed Last Messages --------------- Connecting with Terminal... >>Access(Main) Found 3 level access points to Factory: (9,55) (84,50) (43,14) Map updated. Acquired Hacking Suite. Connecting with Scanalyzer... >>Insert(Imp. Cesium-ion Thruster) Scanning Imp. Cesium-ion Thruster... Ready to analyze. >>Scanalyze Scanning: Imp. Cesium-ion Thruster... Schematic downloaded. Triggered Blade Trap. Massive razor-sharp blades shoot up from within the floor. Broken Imp. Cesium-ion Thruster severed. Mining Laser severed. Imp. Deuterium Engine severed. Map ----- +----------------------------------------------------+ | ?????????????????????????????????????????????????? | | ?????????????????????????????????????????????????? | | ?????????????????????????????????????????????????? | | ?????????????????????????????????????????????????? | | ?????????????????????????????????????????????????? | | ?????????????????????????????????????????????????? | | ?????????????????????????????????????????????????? | | ?????????????????????????????????????????????????? | | ?????????????????????????????????????????????????? | | ?????????????????????????????????????????????????? | | ?????????????????????????????????????????????????? | | ?????????????????????????????????????????????????? | | ?????????????????????????????????????????????????? | | ?????????????????????????????????????????????????? | | ?????????????????????????????????????????????????? | | ????????????????????????????????????????